GCL
TAMPA BAY (GCL) RAYS @ TORONTO (GCL) BLUE JAYS
08/15/2107
 
TOP OF THE 1ST
Tampa Bay (GCL) Rays batting - Pitching for Toronto (GCL) Blue Jays : RHP Jose Romero
Pitching: RHP Jose Romero
Batting: LHB Ray Pace 0-0: Called Strike
0-1: Ball
1-1: Ball
2-1: Foul Ball, location: 2F
2-2: Ball
3-2: DOUBLE (Line Drive, 78XD, EV 100.0 MPH)
Batting: LHB Sean West 0-0: Ground out 4-3 (Groundball, 34, EV 102.5 MPH)
Ray Pace to third
Batting: RHB Harrison Maldrum 0-0: Called Strike
0-1: Swinging Strike
0-2: Ball
1-2: Ball
2-2: Strikes out swinging
Batting: RHB C.J. Newman 0-0: Swinging Strike
0-1: Foul Ball, location: 5FF
0-2: Strikes out looking
Top of the 1st over - 0 runs, 1 hit, 0 errors, 1 left on base; Tampa Bay (GCL) 0 - Toronto (GCL) 0
BOTTOM OF THE 1ST
Toronto (GCL) Blue Jays batting - Pitching for Tampa Bay (GCL) Rays : RHP David Page
Pitching: RHP David Page
Batting: LHB Brad Kilroy 0-0: Ball
1-0: Called Strike
1-1: Swinging Strike
1-2: Strikes out swinging
Batting: LHB Erik Stewart 0-0: Ball
1-0: Swinging Strike
1-1: Ball
2-1: Fly out, F9 (Flyball, 9S, EV 86.9 MPH)
Batting: LHB Joey Puente 0-0: Ball
1-0: Swinging Strike
1-1: Swinging Strike
1-2: SINGLE (Line Drive, 89S, EV 103.8 MPH)
Batting: LHB Jason Burgoyne 0-0: Ground out 4-3 (Groundball, 4, EV 101.3 MPH)
Bottom of the 1st over - 0 runs, 1 hit, 0 errors, 1 left on base; Tampa Bay (GCL) 0 - Toronto (GCL) 0
TOP OF THE 2ND
Tampa Bay (GCL) Rays batting - Pitching for Toronto (GCL) Blue Jays : RHP Jose Romero
Batting: RHB Alex Santiago 0-0: Ball
1-0: Swinging Strike
1-1: Ball
2-1: Called Strike
2-2: Foul Ball, location: 3F
2-2: Strikes out swinging
Batting: LHB Mike Grimm 0-0: Ball
1-0: Foul Ball, location: 2RF
1-1: Foul Ball, location: 2LF
1-2: Foul Ball, location: 2F
1-2: Foul Ball, location: 23FF
1-2: Fly out, F7 (Flyball, 7, EV 93.1 MPH)
Batting: RHB Ryan Margolis 0-0: Called Strike
0-1: Fly out, F4 (Line Drive, 4M, EV 61.3 MPH)
Top of the 2nd over - 0 runs, 0 hits, 0 errors, 0 left on base; Tampa Bay (GCL) 0 - Toronto (GCL) 0
BOTTOM OF THE 2ND
Toronto (GCL) Blue Jays batting - Pitching for Tampa Bay (GCL) Rays : RHP David Page
Batting: RHB Ty Guppy 0-0: Ball
1-0: Ball
2-0: Foul Ball, location: 23F
2-1: Foul Ball, location: 5SF
2-2: Foul Ball, location: 5FF
2-2: Strikes out looking
Batting: LHB John Johnson 0-0: Called Strike
0-1: Foul Ball, location: 2RF
0-2: Ball
1-2: Foul Ball, location: 2F
1-2: Strikes out swinging
Batting: RHB Danny Chavoya 0-0: Ground out 5-3 (Groundball, 56, EV 85.6 MPH)
Bottom of the 2nd over - 0 runs, 0 hits, 0 errors, 0 left on base; Tampa Bay (GCL) 0 - Toronto (GCL) 0
TOP OF THE 3RD
Tampa Bay (GCL) Rays batting - Pitching for Toronto (GCL) Blue Jays : RHP Jose Romero
Batting: RHB Matt Johnson 0-0: Ball
1-0: Fly out, F7 (Flyball, 78S, EV 96.3 MPH)
Batting: RHB Stuart Turner 0-0: Ball
1-0: Ground out 5-3 (Groundball, 56S, EV 68.8 MPH)
Batting: LHB Ray Pace 0-0: Ball
1-0: Ball
2-0: Ball
3-0: Called Strike
3-1: Base on Balls
Batting: LHB Sean West 0-0: Swinging Strike
0-1: Called Strike
Ray Pace steals 2nd base
0-2: Strikes out swinging
Top of the 3rd over - 0 runs, 0 hits, 0 errors, 1 left on base; Tampa Bay (GCL) 0 - Toronto (GCL) 0
BOTTOM OF THE 3RD
Toronto (GCL) Blue Jays batting - Pitching for Tampa Bay (GCL) Rays : RHP David Page
Batting: RHB Dave Brunner 0-0: Fly out, F8 (Flyball, 89D, EV 95.0 MPH)
Batting: RHB Justin Benefield 0-0: Ball
1-0: Ball
2-0: Ball
3-0: Called Strike
3-1: Fly out, F9 (Flyball, 89M, EV 90.0 MPH)
Batting: LHB Brad Kilroy 0-0: Ball
1-0: Swinging Strike
1-1: Foul Ball, location: 25F
1-2: Strikes out looking
Bottom of the 3rd over - 0 runs, 0 hits, 0 errors, 0 left on base; Tampa Bay (GCL) 0 - Toronto (GCL) 0
TOP OF THE 4TH
Tampa Bay (GCL) Rays batting - Pitching for Toronto (GCL) Blue Jays : RHP Jose Romero
Batting: RHB Harrison Maldrum 0-0: Ball
1-0: Ball
2-0: Ball
3-0: Called Strike
3-1: Called Strike
3-2: Base on Balls
Pitching: LHP Jon Aragon
Batting: RHB C.J. Newman 0-0: Ball
1-0: Ball
2-0: Called Strike
2-1: Fly out, F3 (Popup, 23, EV 78.8 MPH)
Batting: RHB Alex Santiago 0-0: Ball
1-0: Fly out, F9 (Flyball, 9S, EV 98.8 MPH)
Batting: LHB Mike Grimm 0-0: Swinging Strike
0-1: Ball
1-1: Foul Ball, location: 2F
1-2: Strikes out looking
Top of the 4th over - 0 runs, 0 hits, 0 errors, 1 left on base; Tampa Bay (GCL) 0 - Toronto (GCL) 0
BOTTOM OF THE 4TH
Toronto (GCL) Blue Jays batting - Pitching for Tampa Bay (GCL) Rays : RHP David Page
Batting: LHB Erik Stewart 0-0: Fly out, F9 (Line Drive, 9D, EV 94.4 MPH)
Batting: LHB Joey Puente 0-0: Swinging Strike
0-1: Ball
1-1: Ball
2-1: SINGLE (Line Drive, 9LS, EV 91.3 MPH)
Batting: LHB Jason Burgoyne 0-0: Fly out, F8 (Flyball, 89M, EV 92.5 MPH)
Batting: RHB Ty Guppy 0-0: Called Strike
0-1: Ball
1-1: Fielders Choice at 2nd, 5-4 (Groundball, 56, EV 83.8 MPH)
Bottom of the 4th over - 0 runs, 1 hit, 0 errors, 1 left on base; Tampa Bay (GCL) 0 - Toronto (GCL) 0
TOP OF THE 5TH
Tampa Bay (GCL) Rays batting - Pitching for Toronto (GCL) Blue Jays : LHP Jon Aragon
Batting: RHB Ryan Margolis 0-0: DOUBLE (Line Drive, 89XD, EV 103.8 MPH)
Batting: RHB Matt Johnson 0-0: Ball
1-0: Called Strike
1-1: Ball
2-1: Fly out, F8 (Flyball, 8LD, EV 103.8 MPH)
Batting: RHB Stuart Turner 0-0: Ball
1-0: Ball
2-0: Called Strike
2-1: Ball
3-1: Base on Balls
Batting: LHB Ray Pace 0-0: Ball
1-0: Ball
2-0: Ball
3-0: Base on Balls
Ryan Margolis to third
Stuart Turner to second
Pinch Hitting: RHB Tony Parrish 0-0: Foul Ball, location: 5SF
0-1: Grounds into double play, U4-3 (Groundball, 4M, EV 80.6 MPH)
Top of the 5th over - 0 runs, 1 hit, 0 errors, 2 left on base; Tampa Bay (GCL) 0 - Toronto (GCL) 0
BOTTOM OF THE 5TH
Toronto (GCL) Blue Jays batting - Pitching for Tampa Bay (GCL) Rays : RHP David Page
Now at 1B: Jim Rogers
Batting: LHB John Johnson 0-0: Ball
1-0: Ball
2-0: Foul Ball, location: 3SF
2-1: Called Strike
2-2: Strikes out swinging
Batting: RHB Danny Chavoya 0-0: Ball
1-0: Ball
2-0: Ball
3-0: Called Strike
3-1: Called Strike
3-2: Foul Ball, location: 25F
3-2: Foul Ball, location: 3F
3-2: SINGLE (Line Drive, 78S, EV 88.1 MPH)
Batting: RHB Dave Brunner 0-0: Called Strike
0-1: Foul Ball, location: 9LSF
0-2: Strikes out swinging
Batting: RHB Justin Benefield 0-0: Ground out 4-3 (Groundball, 4MD, EV 94.4 MPH)
Bottom of the 5th over - 0 runs, 1 hit, 0 errors, 1 left on base; Tampa Bay (GCL) 0 - Toronto (GCL) 0
TOP OF THE 6TH
Tampa Bay (GCL) Rays batting - Pitching for Toronto (GCL) Blue Jays : LHP Jon Aragon
Batting: RHB Harrison Maldrum 0-0: Swinging Strike
0-1: Ground out 3-1 (Groundball, 34, EV 98.1 MPH)
Batting: RHB C.J. Newman 0-0: Ball
1-0: Called Strike
1-1: Ball
2-1: SINGLE (Line Drive, 9S, EV 100.6 MPH)
Batting: RHB Alex Santiago Pickoff Play to 1st, Runner tries for 2nd, OUT after rundown.
0-0: Foul Ball, location: 5FF
0-1: Ball
1-1: Ball
2-1: Ground out 6-3 (Groundball, 56, EV 80.0 MPH)
Top of the 6th over - 0 runs, 1 hit, 0 errors, 0 left on base; Tampa Bay (GCL) 0 - Toronto (GCL) 0
BOTTOM OF THE 6TH
Toronto (GCL) Blue Jays batting - Pitching for Tampa Bay (GCL) Rays : RHP David Page
Batting: LHB Brad Kilroy 0-0: Ground out U3 (Groundball, 3, EV 85.6 MPH)
Batting: LHB Erik Stewart 0-0: Swinging Strike
0-1: Ball
1-1: Foul Ball, location: 2F
1-2: Foul Ball, location: 7LSF
1-2: Strikes out swinging
Batting: LHB Joey Puente 0-0: Foul Ball, location: 7LMF
0-1: Ball
1-1: Ball
2-1: Foul Ball, location: 2F
2-2: SINGLE (Line Drive, 8LS, EV 91.3 MPH)
Batting: LHB Jason Burgoyne 0-0: Swinging Strike
0-1: Ball
1-1: Ball
2-1: Foul Ball, location: 2F
2-2: Strikes out looking
Bottom of the 6th over - 0 runs, 1 hit, 0 errors, 1 left on base; Tampa Bay (GCL) 0 - Toronto (GCL) 0
TOP OF THE 7TH
Tampa Bay (GCL) Rays batting - Pitching for Toronto (GCL) Blue Jays : LHP Jon Aragon
Pitching: RHP Yoshiharu Ikeda
Batting: LHB Mike Grimm 0-0: Swinging Strike
0-1: Swinging Strike
0-2: Strikes out swinging
Pinch Hitting: RHB Sal Zapata 0-0: Called Strike
0-1: Ball
1-1: Fly out, F8 (Flyball, 8LD, EV 106.9 MPH)
Pinch Hitting: SHB Brad Duncan 0-0: Ball
1-0: Ball
2-0: Ball
3-0: Called Strike
3-1: Base on Balls
Batting: LHB Matt Dobson 0-0: Ball
Brad Duncan steals 2nd base
1-0: Foul Ball, location: 2F
1-1: Fly out, F8 (Flyball, 8LXD, EV 109.4 MPH)
Top of the 7th over - 0 runs, 0 hits, 0 errors, 1 left on base; Tampa Bay (GCL) 0 - Toronto (GCL) 0
BOTTOM OF THE 7TH
Toronto (GCL) Blue Jays batting - Pitching for Tampa Bay (GCL) Rays : RHP David Page
Now at 3B: Brian Fry
Now at SS: Huai-yu Zhang
Batting: LHB Leo Chappell 0-0: Ball
1-0: Ball
2-0: Ball
3-0: Called Strike
3-1: Base on Balls
Pitching: RHP Chris Roberts
Batting: LHB John Johnson 0-0: Sac Bunt to 3S - play at first, batter OUT! 3-1
Leo Chappell to second
Pinch Hitting: LHB Alex Munoz 0-0: Called Strike
0-1: Ball
1-1: Ball
2-1: Ball
3-1: Foul Ball, location: 23F
3-2: Strikes out swinging
Batting: RHB Dave Brunner 0-0: Ball
1-0: Called Strike
1-1: Foul Ball, location: 7LSF
1-2: Foul Ball, location: 2LF
1-2: Foul Ball, location: 3FF
1-2: Ball
2-2: Foul Ball, location: 7LDF
2-2: Foul Ball, location: 2F
2-2: Foul Ball, location: 25F
2-2: Ball
3-2: Ground out 3-1 (Groundball, 34, EV 105.0 MPH)
Bottom of the 7th over - 0 runs, 0 hits, 0 errors, 1 left on base; Tampa Bay (GCL) 0 - Toronto (GCL) 0
TOP OF THE 8TH
Tampa Bay (GCL) Rays batting - Pitching for Toronto (GCL) Blue Jays : RHP Yoshiharu Ikeda
Pitching: RHP David Jolly
Now at SS: Urbano de Leon
Pinch Hitting: RHB Gregg Ammerman 0-0: Ground out 6-3 (Groundball, 6, EV 108.1 MPH)
Batting: LHB Jim Rogers 0-0: Ground out 4-3 (Groundball, 34, EV 101.9 MPH)
Pinch Hitting: RHB Valdemar Klein 0-0: Ball
1-0: Ball
2-0: Ball
3-0: Base on Balls
Batting: RHB C.J. Newman 0-0: Ball
1-0: SINGLE (Groundball, 4MD, EV 103.1 MPH)
Valdemar Klein to second
Pinch Hitting: LHB Jesse Aggott 0-0: Fly out, F8 (Flyball, 8LS, EV 100.0 MPH)
Top of the 8th over - 0 runs, 1 hit, 0 errors, 2 left on base; Tampa Bay (GCL) 0 - Toronto (GCL) 0
BOTTOM OF THE 8TH
Toronto (GCL) Blue Jays batting - Pitching for Tampa Bay (GCL) Rays : RHP Chris Roberts
Pitching: RHP Mark Dunn
Now at C: Jason Mullane
Now at 2B: Angelo Suarez
Now in CF: C.J. Newman
Now in RF: Ryan Kaplan
Batting: RHB Justin Benefield 0-0: Called Strike
0-1: Ground out 5-3 (Groundball, 5, EV 88.1 MPH)
Batting: LHB Brad Kilroy 0-0: Swinging Strike
0-1: Ball
1-1: Ground out 6-3 (Groundball, 6, EV 85.6 MPH)
Batting: LHB Erik Stewart 0-0: Called Strike
0-1: Called Strike
0-2: Ball
1-2: Ball
2-2: Strikes out looking
Bottom of the 8th over - 0 runs, 0 hits, 0 errors, 0 left on base; Tampa Bay (GCL) 0 - Toronto (GCL) 0
TOP OF THE 9TH
Tampa Bay (GCL) Rays batting - Pitching for Toronto (GCL) Blue Jays : RHP David Jolly
Pinch Hitting: RHB Jose Fuentes 0-0: Foul Ball, location: 7LSF
0-1: Ball
1-1: Ground out 6-3 (Groundball, 6S, EV 81.3 MPH)
Pinch Hitting: LHB Danny Diaz 0-0: Ball
1-0: Foul Ball, location: 2F
1-1: Foul Ball, location: 3F
1-2: Ground out 4-3 (Groundball, 4, EV 107.5 MPH)
Pinch Hitting: LHB Jose Medina 0-0: Ball
1-0: Foul Ball, location: 25FF
1-1: Swinging Strike
1-2: Ball
2-2: Foul Ball, location: 5FF
2-2: Strikes out looking
Top of the 9th over - 0 runs, 0 hits, 0 errors, 0 left on base; Tampa Bay (GCL) 0 - Toronto (GCL) 0
BOTTOM OF THE 9TH
Toronto (GCL) Blue Jays batting - Pitching for Tampa Bay (GCL) Rays : RHP Mark Dunn
Now at 3B: Jason Dodge
Now at SS: Adam Druen
Now in LF: Tommy Starnes
Batting: LHB Joey Puente 0-0: Called Strike
0-1: DOUBLE (Groundball, 3L, EV 109.4 MPH)
Batting: LHB Jason Burgoyne 0-0: Intentional Walk
Batting: LHB Leo Chappell 0-0: Called Strike
0-1: Ball
1-1: Hit by Pitch
Joey Puente to third
Jason Burgoyne to second
Batting: LHB John Johnson 0-0: Called Strike
0-1: Swinging Strike
0-2: Foul Ball, location: 2F
0-2: Foul Ball, location: 9LSFF
0-2: Fly out, F7 (Flyball, 78S, EV 88.1 MPH)
Batting: LHB Urbano de Leon 0-0: Called Strike
0-1: Ball
1-1: Ball
2-1: Foul Ball, location: 7LMF
2-2: Ball
3-2: Foul Ball, location: 2F
3-2: SINGLE (Groundball, 34D, EV 105.6 MPH)
Joey Puente scores
Bottom of the 9th over - 1 run, 2 hits, 0 errors, 2 left on base; Tampa Bay (GCL) 0 - Toronto (GCL) 1
Monday, February 17th , 2025 - OOTP Baseball 25.11 Build 103